 Dungeon Crawl Stone Soup version 0.25-a0-404-gc1b5a34292 (webtiles) character file.

Game seed: 120821304000592284, levelgen mode: deterministic

27 Jerej03 the Skirmisher (level 2, -5/24 HPs)
             Began as a Demonspawn Chaos Knight on Jan 11, 2020.
             Was a Plaything of Xom.
             Slain by a worm (10 damage)
             ... on level 2 of the Dungeon.
             The game lasted 00:05:13 (1279 turns).

Jerej03 the Skirmisher (Demonspawn Chaos Knight)    Turns: 1279, Time: 00:05:13

Health: -5/24      AC:  5    Str: 12    XL:     2   Next: 93%
Magic:  0/2        EV: 11    Int: 13    God:    Xom [..*...]
Gold:   91         SH:  0    Dex: 12    Spells: 1/1 levels left

rFire    . . .     SeeInvis .   a - +0 mace (chaos)
rCold    . . .     Gourm    .   (no shield)
rNeg     . . .     Faith    .   b - +2 leather armour
rPois    .         Spirit   +   (no helmet)
rElec    +         Reflect  .   (no cloak)
rCorr    .         Harm     .   (no gloves)
MR       .....                  (no boots)
Stlth    ..........             (no amulet)
HPRegen  0.08/turn              h - ring of attention (curse)
MPRegen  0.08/turn              (no ring)

@: very slightly contaminated
A: talons 1, electricity resistance, magic shield
a: Renounce Religion


You were on level 2 of the Dungeon.
You worshipped Xom.
You were a toy of Xom.
You were not hungry.

You visited 1 branch of the dungeon, and saw 2 of its levels.

You collected 91 gold pieces.

Inventory:

Hand Weapons
 a - a +0 mace of chaos (weapon)
Missiles
 g - 81 stones (quivered)
Armour
 b - a +2 leather armour (worn)
Jewellery
 h - a cursed ring of attention (left hand)
Scrolls
 e - a scroll of identify
Comestibles
 c - 5 rations
 d - 4 chunks of flesh


   Skills:
 + Level 3.4 Fighting
 + Level 3.3 Maces & Flails
 + Level 1.8 Armour
 + Level 1.1 Dodging


You had one spell level left.
You didn't know any spells.
Your spell library was empty.

Dungeon Overview and Level Annotations

Branches:
Dungeon (2/15)

Altars:
Trog


Innate Abilities, Weirdness & Mutations

When hurt, damage is shared between your health and your magic reserves.
You have sharp toenails.
You are resistant to electric shocks. (rElec)


Message History

You sock the worm! You freeze the worm.
The worm is heavily wounded.
You hit the worm.
The worm is severely wounded.
The worm bites you.
* * * LOW HITPOINT WARNING * * *
You aren't carrying any potions.
Blink to where?
Press: ? - help, Dir - move target cursor You are very lightly contaminated with residual magic.
As you read the scroll of blinking, it crumbles to dust.
The worm closely misses you.
You thump the worm!
The worm goes berserk!
You claw the worm, but do no damage.
The worm is moderately wounded.
The worm misses you.
Your leather armour prevents you from hitting the worm.
You claw the worm.
The worm is heavily wounded.
The worm bites you!
You die...

##### ######...##
...##.....########
...##............#
...##...).######.#
.........## #.#
...####### #@#
#.## #w# ### #.#
#.# #.# #.# #.#
##### #.# #...#
#w#


You could see a worm (berserk).

Vanquished Creatures
  2 worms (D:2)
  A leopard gecko (D:1)
  2 giant cockroaches
  4 goblins
  3 kobolds
  2 quokkas (D:2)
  3 bats
17 creatures vanquished.

Notes
Turn   | Place    | Note
-------+----------+-------------------------------------------
     0 | D:1      | Jerej03 the Demonspawn Chaos Knight began the quest for the
                  | Orb.
     0 | D:1      | Reached XP level 1. HP: 18/18 MP: 1/1
   174 | D:1      | XOM: harmless Pois miscast
   182 | D:1      | XOM: harmless Conj miscast
   562 | D:1      | Gained mutation: You are frail. (-10% HP) [potion of
                  | mutation]
   562 | D:1      | Lost mutation: You are frail. (-10% HP) [potion of
                  | mutation]
   562 | D:1      | Gained mutation: You have sharp toenails. [potion of
                  | mutation]
   562 | D:1      | Gained mutation: You are resistant to electric shocks.
                  | (rElec) [potion of mutation]
   568 | D:1      | Gained mutation: When hurt, damage is shared between your
                  | health and your magic reserves. [demonic ancestry]
   568 | D:1      | Reached XP level 2. HP: 21/24 MP: 2/2
   950 | D:2      | Reached skill level 1 in Dodging
  1060 | D:2      | Found a bloodstained altar of Trog.
  1090 | D:2      | XOM: divination: detect creatures
  1121 | D:2      | XOM: cloud trail
  1145 | D:2      | XOM: harmless Pois miscast
  1279 | D:2      | Slain by a worm

Levels and vault maps discovered:
D:1:      minmay_arrival_checkered_box, layout_loops_ring, st_stairs_13
D:2:      minmay_roachtagon, layout_loops_ring, marbit_many_paths,
          uniq_crazy_yiuf_cottage

Skill      XL: |  1  2 |
---------------+-------+-----
Maces & Flails | 3 |  3.3
Dodging        | 1 |  1.1
Fighting       | |  3.4
Armour         | |  1.8

Action                   || total
-------------------------++-------
Melee: Mace              ||    58
       Kick              ||     9
Throw: Stone             ||     7
  Use: Potion            ||     4
       Scroll            ||     3
  Eat: Chunk             ||     1
Armor: Leather armour    ||    42
Dodge: Dodged            ||    52

Table legend:
 A = Non-vault XP
 B = Vault XP
 C = Vault XP percentage of total XP
 D = Non-vault monster count
 E = Vault monster count
 F = Vault count percentage of total count
                 A         B        C        D         E       F
            +---------+---------+-------+---------+---------+-------
      Total |      35 |       4 |  10.3 |      15 |       2 |  11.8
            +---------+---------+-------+---------+---------+-------
        D:1 |      13 |       2 |  13.3 |       7 |       1 |  12.5
        D:2 |      22 |       2 |   8.3 |       8 |       1 |  11.1
            +---------+---------+-------+---------+---------+-------
